 Dungeon Crawl Stone Soup version 0.26.0-15-gc6cd9f700b (webtiles) character file.

Game seed: 1510211032942922056

20 ythm the Skirmisher (level 2, 0/25 HPs)
             Began as a Minotaur Arcane Marksman on Jan 17, 2021.
             Slain by a gnoll
             ... wielding a +0 spear
              (4 damage)
             ... on level 1 of the Dungeon.
             The game lasted 00:00:39 (999 turns).

ythm the Skirmisher (Minotaur Arcane Marksman)       Turns: 999, Time: 00:00:39

Health: 0/25       AC:  2    Str: 14    XL:     2   Next: 58%
Magic:  2/2        EV: 12    Int: 10    God:
Gold:   48         SH:  0    Dex: 10    Spells: 2/3 levels left

rFire    . . .     SeeInvis .   e - +1 dagger (drain)
rCold    . . .     Faith    .   (no shield)
rNeg     . . .     Spirit   .   a - +0 robe
rPois    .         Reflect  .   (helmet restricted)
rElec    .         Harm     .   (no cloak)
rCorr    .         Rampage  .   (no gloves)
Will     .....                  (no boots)
Stlth    +.........             (no amulet)
HPRegen  0.08/turn              (no ring)
MPRegen  0.08/turn              (no ring)

@: no status effects
A: retaliatory headbutt, horns 2
a: no special abilities


You were on level 1 of the Dungeon.
You visited 1 branch of the dungeon, and saw 2 of its levels.

You collected 48 gold pieces.

Inventory:

Hand Weapons
 e - a +1 dagger of draining (weapon)
Missiles
 c - 5 javelins (quivered)
 d - 2 throwing nets
Armour
 a - a +0 robe (worn)
Scrolls
 f - a scroll of teleportation {unknown}
 g - a scroll of remove curse {unknown}
 h - a scroll of amnesia {unknown}
Potions
 b - a potion of haste {unknown}


   Skills:
 * Level 2.7 Fighting
 - Level 2.0 Throwing
 + Level 2.7 Dodging
 - Level 1.0 Spellcasting
 - Level 2.0 Hexes


You had 2 spell levels left.
You knew the following spells:

 Your Spells              Type           Power        Failure   Level
a - Corona                Hex            4%           16%         1

Your spell library contained the following spells:

 Spells                   Type           Power        Failure   Level
 Slow                     Hex            4%           22%         2
 Inner Flame              Hex/Fire       2%           56%         3
 Portal Projectile        Hex/Tloc       4%           56%         3
 Cause Fear               Hex            2%           83%         4
 Leda's Liquefaction      Hex/Erth       1%           92%         4


Dungeon Overview and Level Annotations

Branches:
Dungeon (2/15)

Altars:
Ashenzari


Innate Abilities, Weirdness & Mutations

You reflexively headbutt those who attack you in melee.
You have a pair of horns on your head.


Message History

You kill the gnoll!
The gnoll barely misses you.
Unknown command.
You hit the gnoll but do no damage. You headbutt the gnoll.
The gnoll is moderately wounded.
The gnoll hits you.
* * * LOW HITPOINT WARNING * * *
The gnoll hits you with a +0 spear.
* * * LOW HITPOINT WARNING * * *
Unknown command.
You completely miss the gnoll.
The gnoll is moderately wounded.
The gnoll hits you but does no damage. The gnoll closely misses you.
Unknown command.
You closely miss the gnoll.
You headbutt the gnoll, but do no damage.
The gnoll is moderately wounded.
The gnoll closely misses you. You furiously retaliate!
You headbutt the gnoll. The gnoll hits you with a +0 spear.
You die...

..####...............#
..####..#...)...######
........#.....###
..............####
..♣♣♣♣♣#.........#
##♣♣.P♣#.........#
#......)#........#
##♣.PP♣.......####
..♣♣♣♣♣.......'g@#
.#............##g#
.#......#.....##.#
.#......#......#.#
.#.............#.#
.#.#...........#.#
.+............♣♣♣♣
.###.......#.♣♣♣♣♣♣#
.######.#...♣♣.♣.♣.♣


You could see 2 gnolls.

Vanquished Creatures
  A gnoll (D:1)
  A dart slug (D:1)
  A bat (D:1)
  3 goblins (D:1)
  A hobgoblin (D:1)
  A rat (D:1)
8 creatures vanquished.

Notes
Turn   | Place    | Note
-------+----------+-------------------------------------------
     0 | D:1      | ythm the Minotaur Arcane Marksman began the quest for the
                  | Orb.
     0 | D:1      | Reached XP level 1. HP: 16/16 MP: 1/1
    12 | D:1      | Noticed an ogre
   195 | D:1      | Found a broken altar of Ashenzari.
   720 | D:1      | Reached XP level 2. HP: 24/24 MP: 2/2
   999 | D:1      | Slain by a gnoll

Illustrated notes

Levels and vault maps discovered:
D:1:      evilmike_arrival_come_back, layout_basic, serial_forest,
          infiniplex_forest_straight_4, infiniplex_forest_clump_tiny,
          infiniplex_forest_clump_medium, infiniplex_forest_straight_4,
          infiniplex_forest_clump_double, infiniplex_forest_straight_5,
          infiniplex_forest_straight_3, infiniplex_forest_straight_3,
          infiniplex_forest_end_2, infiniplex_forest_straight_3, minivault_27,
          st_stairs_14, evilmike_ruin_ashenzari
D:2:      layout_loops_ring, tgw_trog, nicolae_ru_the_path_less_chosen

Skill      XL: |  1 |
---------------+----+-----
Fighting       | 2 |  2.7
Throwing       | |  2.0
Dodging        | |  2.7
Spellcasting   | |  1.0
Hexes          | |  2.0

Action                   || total
-------------------------++-------
Melee: Dagger            ||    18
       Headbutt          ||     6
Armor: Robe              ||     2
Dodge: Dodged            ||    14
